 Dungeon Crawl Stone Soup version 0.24.0-123-gd5b16e6ec5 (webtiles) character file.

Game seed: 2808850152047635545, levelgen mode: deterministic

4146 1994 the Frost Mage (level 9, -6/62 HPs)
             Began as a Demigod Ice Elementalist on Jan 26, 2020.
             Mangled by a wraith (15 damage)
             ... on level 9 of the Dungeon.
             The game lasted 00:29:20 (9866 turns).

1994 the Frost Mage (Demigod Ice Elementalist)      Turns: 9866, Time: 00:29:20

Health: -6/62      AC:  9    Str: 11    XL:     9   Next: 79%
Magic:  14/20      EV: 12    Int: 31    God:
Gold:   677        SH:  0    Dex: 16    Spells: 4/18 levels left

rFire    . . .     SeeInvis .   a - +7 Singing Sword {slice, sonic wave}
rCold    . . .     Gourm    .   (no shield)
rNeg     + . .     Faith    .   D - +2 robe of New Discoveries {Int+6 Stlth+}
rPois    +         Spirit   .   o - +2 helmet
rElec    .         Reflect  .   (no cloak)
rCorr    .         Harm     .   (no gloves)
MR       .....                  p - +1 pair of boots
Stlth    +++.......             (no amulet)
HPRegen  0.20/turn              g - ring of positive energy
MPRegen  0.17/turn              N - ring of poison resistance

@: slowed, very slow
A: high mp 1
a: no special abilities


You were on level 9 of the Dungeon.
You were not hungry.

You visited 1 branch of the dungeon, and saw 9 of its levels.

You collected 677 gold pieces.

Inventory:

Hand Weapons
 a - the +7 Singing Sword (weapon) {slice, sonic wave}
   (You took it off an orc on level 4 of the Dungeon)

   It inflicts extra damage upon your enemies.
 b - a +0 hunting sling
 B - a +2 dagger of speed
Missiles
 k - 172 stones (quivered)
 q - 50 sling bullets
 v - 4 curare-tipped darts
 E - 20 poisoned darts
Armour
 o - a +2 helmet (worn)
 p - a +1 pair of boots (worn)
 D - the +2 robe of New Discoveries (worn) {Int+6 Stlth+}
   (You found it on level 5 of the Dungeon)

   It affects your intelligence (+6).
   It makes you more stealthy.
Jewellery
 g - a ring of positive energy (left hand)
 K - an uncursed ring of resist corrosion
 N - a ring of poison resistance (right hand)
 O - an uncursed ring of fire
Wands
 h - a wand of flame (44)
 w - a wand of acid (7)
 A - a wand of iceblast (8)
 F - a wand of digging (5)
 L - a wand of paralysis (6)
Scrolls
 e - 3 scrolls of fog {unknown}
 i - a scroll of fear {unknown}
 r - 7 scrolls of teleportation
 t - a scroll of amnesia {unknown}
 u - a scroll of magic mapping
 x - 2 scrolls of enchant weapon {unknown}
 y - a scroll of remove curse
 C - a scroll of blinking {unknown}
 G - a scroll of torment {unknown}
 H - 3 scrolls of enchant armour {unknown}
Potions
 d - 2 potions of brilliance
 f - 2 potions of ambrosia
 j - 2 potions of magic
 l - a potion of invisibility
 m - 4 potions of curing
 n - 3 potions of haste
 s - a potion of flight
 z - 2 potions of lignification
 I - a potion of resistance
 J - a potion of cancellation {unknown}
Comestibles
 c - 26 rations


   Skills:
 + Level 4.4 Long Blades
 - Level 1.7 Dodging
 - Level 1.7 Stealth
 + Level 5.3 Spellcasting
 + Level 6.7 Conjurations
 - Level 2.0 Charms
 + Level 3.3 Summonings
 * Level 8.4 Ice Magic


You had 4 spell levels left.
You knew the following spells:

 Your Spells              Type           Power        Failure   Level  Hunger
a - Freeze                Ice            ####         1%          1    None
b - Throw Frost           Conj/Ice       ######       1%          2    None
c - Ozocubu's Armour      Chrm/Ice       #####...     1%          3    None
d - Throw Icicle          Conj/Ice       ######..     2%          4    ###....
e - Summon Ice Beast      Ice/Summ       #####...     4%          4    ###....

Your spell library contained the following spells:

 Spells                   Type           Power        Failure   Level  Hunger
 Flame Tongue             Conj/Fire      ####.        1%          1    None
 Summon Small Mammal      Summ           ####         1%          1    None
 Throw Flame              Conj/Fire      ####..       1%          2    None
 Conjure Flame            Conj/Fire      ####....     4%          3    None
 Animate Skeleton         Necr           N/A          5%          1    None
 Apportation              Tloc           #.....       5%          1    None
 Beastly Appendage        Tmut           #.....       5%          1    None
 Confusing Touch          Hex            #.....       5%          1    None
 Sticks to Snakes         Tmut           #.......     9%          2    None
 Ice Form                 Ice/Tmut       ####....     10%         4    ###....
 Sticky Flame             Conj/Fire      ####....     13%         4    ###....
 Confuse                  Hex            #.......     16%         3    None
 Gell's Gravitas          Tloc           #.........   16%         3    None
 Inner Flame              Hex/Fire       #.......     16%         3    None
 Spider Form              Tmut/Pois      #.........   16%         3    None
 Petrify                  Tmut/Erth      #.......     47%         4    ###....
 Metabolic Englaciation   Hex/Ice        ####......   26%         5    #####..
 Fireball                 Conj/Fire      ####......   36%         5    #####..
 Blade Hands              Tmut           #.........   83%         5    #####..
 Yara's Violent Unravell  Hex/Tmut       #.........   83%         5    #####..


Dungeon Overview and Level Annotations

Branches:
Dungeon (9/15)             Temple (0/1) D:6            Lair (0/6) D:8
    Orc (0/2) D:9


Innate Abilities, Weirdness & Mutations

You have an increased reservoir of magic. (+10% MP)


Message History

You barely miss the wraith.
The wraith is almost destroyed.
The wraith hits you!
* * * LOW HITPOINT WARNING * * *
The wraith drains your vigour!
You feel as though you will be slow longer.
The wraith completely misses you.
Unknown command.
Casting: Throw Icicle (safe; 2% risk of failure)
Confirm with . or Enter, or press ? or * to list all spells.
You don't know that spell.
Unknown command.
Unknown command.
Casting: Throw Icicle (safe; 2% risk of failure)
Confirm with . or Enter, or press ? or * to list all spells.
Aiming: Throw Icicle (safe; 2% risk of failure)
Press: ? - help, Shift-Dir - straight line, f - wraith
Aim: a wraith (almost destroyed)
The shard of ice misses the wraith.
The wraith hits you!
You die...

#.#|(}<}):#..#
#.#########..#
#.#YZScWha#..#
#.#########..###########
........................
######..................
#.......[.....>....
#..########..#####
#..########@.#
######..........W.#
..................#
...................
....................
..............#######
..............#
..............#
....).........#


You could see a wraith.

Vanquished Creatures
  A hippogriff (D:7)
  Eustachio (D:5)
  A hungry ghost (D:8)
  Edmund (D:5)
  Menkaure (D:5)
  An orc warrior (D:7)
  2 sky beasts
  A black bear (D:8)
  4 ice beasts
  A phantom (D:7)
  2 centaurs
  2 ogres (D:7)
  A crocodile (D:9)
  3 big kobolds (D:8)
  4 bullfrogs
  3 scorpions
  4 wights (D:6)
  6 howler monkeys
  A centaur zombie (D:7)
  A crimson imp (D:9)
  7 hounds
  3 orc priests
  2 jellies
  A quasit (D:9)
  3 bullfrog skeletons
  7 orc wizards
  An iguana (D:7)
  4 worker ants
  A howler monkey zombie (D:6)
  5 gnolls
  A howler monkey skeleton (D:6)
  13 adders
  8 shadow imps
  An adder zombie (D:7)
  An adder skeleton (D:4)
  2 worms
  2 dart slugs
  5 leopard geckos
  31 orcs
  3 bats (D:1)
  4 giant cockroaches
  10 goblins
  3 hobgoblins (D:1)
  5 jackals (D:1)
  4 quokkas
  3 ball pythons
  3 frilled lizards
  17 kobolds
  A quokka skeleton (D:6)
  6 rats
198 creatures vanquished.

Vanquished Creatures (others)
  2 orcs (D:4)
2 creatures vanquished.

Grand Total: 200 creatures vanquished

Notes
Turn   | Place    | Note
-------+----------+-------------------------------------------
     0 | D:1      | 1994 the Demigod Ice Elementalist began the quest for the
                  | Orb.
     0 | D:1      | Reached XP level 1. HP: 14/14 MP: 5/5
   227 | D:1      | Reached skill level 3 in Ice Magic
   718 | D:1      | Reached XP level 2. HP: 11/20 MP: 1/7
   739 | D:1      | Learned a level 2 spell: Throw Frost
  1109 | D:1      | Reached skill level 1 in Conjurations
  2065 | D:2      | Reached XP level 3. HP: 26/26 MP: 1/9
  2139 | D:2      | Learned a level 3 spell: Ozocubu's Armour
  2352 | D:1      | Reached XP level 4. HP: 33/33 MP: 4/10
  3576 | D:3      | Found a hide-covered altar of Uskayaw.
  3577 | D:3      | Noticed a +0 hand axe
  3577 | D:3      | Noticed a +0 dagger
  4164 | D:4      | Reached skill level 4 in Ice Magic
  4233 | D:4      | Got a colourful robe
  4271 | D:4      | Reached XP level 5. HP: 38/38 MP: 4/11
  4285 | D:4      | Reached skill level 1 in Charms
  4545 | D:4      | Identified the +2 robe of Xekucviv {rN+} (You found it on
                  | level 4 of the Dungeon)
  5258 | D:5      | Entered Level 5 of the Dungeon
  5325 | D:5      | Reached XP level 6. HP: 45/45 MP: 6/13
  5500 | D:5      | Got a warped robe
  5534 | D:5      | Identified the +2 robe of New Discoveries {Int+6 Stlth+}
                  | (You found it on level 5 of the Dungeon)
  5542 | D:5      | Learned a level 4 spell: Throw Icicle
  5779 | D:5      | Found an opulent altar of Gozag.
  5829 | D:5      | Noticed Eustachio
  5865 | D:5      | Reached skill level 5 in Ice Magic
  6037 | D:5      | Killed Eustachio
  6037 | D:5      | Reached XP level 7. HP: 32/50 MP: 6/15
  6185 | D:5      | Noticed Edmund
  6197 | D:5      | Killed Edmund
  6197 | D:5      | Reached skill level 1 in Long Blades
  6344 | D:5      | Noticed Menkaure
  6348 | D:5      | Killed Menkaure
  6583 | D:6      | Found a basalt altar of Yredelemnul.
  6745 | D:6      | Reached skill level 5 in Conjurations
  6745 | D:6      | Reached skill level 6 in Ice Magic
  6854 | D:6      | Reached XP level 8. HP: 57/57 MP: 3/17
  7072 | D:6      | Found a staircase to the Ecumenical Temple.
  7403 | D:7      | Learned a level 4 spell: Summon Ice Beast
  7426 | D:7      | Noticed a hippogriff
  7445 | D:7      | Killed a hippogriff
  7445 | D:7      | Reached skill level 1 in Summonings
  7602 | D:7      | Reached skill level 7 in Ice Magic
  7965 | D:7      | Reached XP level 9. HP: 60/62 MP: 16/19
  8731 | D:8      | Reached skill level 5 in Spellcasting
  8731 | D:8      | Reached skill level 8 in Ice Magic
  9410 | D:8      | Found a staircase to the Lair.
  9832 | D:9      | Noticed a centaur warrior
  9851 | D:9      | Found a staircase to the Orcish Mines.
  9866 | D:9      | Mangled by a wraith

Levels and vault maps discovered:
D:1:      dpeg_arrival_rhombus, layout_basic
D:2:      layout_basic
D:3:      layout_loops_corners, dancing_weapons_uskayaw, first_ration,
          serial_co_window_serial, co_window_paths_a, co_window_paths_a,
          co_window_of_opportunity_a, co_window_paths_a,
          co_window_of_opportunity_a, co_window_cross_2, co_window_2corner,
          co_window_of_opportunity_b, co_window_2corner, co_window_cross_2
D:4:      layout_gridville, lemuel_old_faithful
D:5:      layout_basic, lemuel_crystal_altar, uniq_edmund, uniq_eustachio,
          uniq_menkaure
D:6:      layout_rooms, minmay_temple_entry_offerings, basic_altar
D:7:      layout_loops_cross
D:8:      layout_basic, lair_entry_dummy, blue_anna_alchemist
          [blue_anna_fruit_fields, blue_anna_fruit_fields]
D:9:      layout_small_grid, grunt_temple_overflow_octagram, orc_0_dummy,
          onia_ninara_dug_in_and_dangerous

Skill      XL: |  1  2  3  4  5  6  7  8  9 |
---------------+----------------------------+-----
Ice Magic      | 3 4 5 6 7 8 |  8.4
Spellcasting   | 2 3 4 5 |  5.3
Conjurations   | 1 2 3 4 5 6 |  6.7
Charms         | 1 2 |  2.0
Long Blades    | 2 3 4 |  4.4
Summonings     | 1 3 |  3.3
Dodging        | |  1.7
Stealth        | |  1.7

Action                   |  1- 3 |  4- 6 |  7- 9 || total
-------------------------+-------+-------+-------++-------
Melee: Short sword       |    15 |       |       ||    15
       Unarmed           |     7 |       |       ||     7
       Dagger            |       |    34 |       ||    34
       Double sword      |       |    18 |   168 ||   186
Throw: Stone             |       |     1 |     2 ||     3
 Cast: Freeze            |    36 |    66 |    20 ||   122
       Throw Frost       |    16 |    36 |    54 ||   106
       Ozocubu's Armour  |     1 |     1 |     7 ||     9
       Throw Icicle      |       |       |    10 ||    10
  Use: Scroll            |       |     4 |     9 ||    13
 Stab: Sleeping          |       |       |     4 ||     4
  Eat: Chunk             |     5 |    15 |    18 ||    38
Armor: Robe              |     9 |    16 |    63 ||    88
       Leather armour    |       |    20 |       ||    20
Dodge: Dodged            |    31 |    51 |   128 ||   210
       Rpst.: Double sword |       |     6 |    29 ||    35
